[Event "Titled Tuesday Blitz September 27 Early 2022"]
[White "Martin Duque, Jesus"]
[Black "Skuhala, Barbara"]
[WhiteFideId "2208954"]
[BlackFideId "14605465"]
[WhiteElo "2258"]
[BlackElo "2155"]
[Result "1-0"]
[Round "05"]
[TimeControl "180+1"]
[Date "2022.09.27"]
[WhiteClock "0:00:14"]
[BlackClock "0:00:13"]

1. Nf3 Nf6 2. b3 d5 3. Bb2 e6 4. g3 c5 5. Bg2 Be7 6. O-O O-O 7. e3 Nc6 8. d4 b6 9. Qe2 Bb7 10. Rd1 Rc8 11. c4 Qc7 12. dxc5 bxc5 13. cxd5 exd5 14. Nc3 Rfd8 15. Rac1 Nb4 16. a3 Ba6 17. Nb5 Qb6 18. Bf1 Nc6 19. Ne5 Rb8 20. a4 Na5 21. Qc2 Rdc8 22. Ba3 Bf8 23. Bh3 Bxb5 24. Bxc8 Rxc8 25. axb5 Qxb5 26. Rb1 Rb8 27. Nd3 Nd7 28. b4 cxb4 29. Bxb4 Qa6 30. Bxf8 Rxf8 31. Qc7 Nb6 32. Nc5 Qe2 33. Qxa7 Nbc4 34. Nd7 Rd8 35. Rxd5 Re8 36. Rxa5 Nxa5 37. Qxa5 Qd3 38. Qb5 Qe4 39. Nc5 Qe7 40. Qd7 Qe5 41. Rd1 h6 42. Qd5 Qe7 43. Kg2 Rf8 44. Rd4 Rc8 45. Nd7 Kh7 46. Ne5 Rf8 47. Rf4 f6 48. Qd3+ Kg8 49. Qd5+ Kh7 50. Qe4+ Kg8 51. Ng6 Qxe4+ 52. Rxe4 Rf7 53. h4 Kh7 54. h5 f5 55. Re8 1-0


[Site "https://www.chess.com"]

[Event "Titled Tuesday Blitz September 27 Early 2022"]
[White "Matveeva, Olga"]
[Black "Fernandez Hernandez, Gerardo"]
[WhiteFideId "24107018"]
[BlackFideId "2207400"]
[WhiteElo "2056"]
[BlackElo "2179"]
[Result "1-0"]
[Round "05"]
[TimeControl "180+1"]
[Date "2022.09.27"]
[WhiteClock "0:00:56"]
[BlackClock "0:00:02"]

1. d4 Nf6 2. c4 c5 3. d5 b5 4. cxb5 a6 5. bxa6 g6 6. Nc3 Bg7 7. Nf3 O-O 8. g3 d6 9. Bg2 Nxa6 10. O-O Qb6 11. Rb1 Bf5 12. Ra1 Rfb8 13. Re1 Nb4 14. e4 Bg4 15. h3 Bxf3 16. Bxf3 Nd7 17. Be2 Ne5 18. Kg2 c4 19. Be3 Qb7 20. Qd2 Nbd3 21. Reb1 Nxb2 22. Bd4 Nd7 23. Bxg7 Kxg7 24. Nd1 c3 25. Qxc3+ f6 26. Rxb2 Qa7 27. Rxb8 Rxb8 28. a4 Nc5 29. Bf3 Rb3 30. Qd4 Qa5 31. Ne3 1-0


[Site "https://www.chess.com"]

[Event "Titled Tuesday Blitz September 27 Early 2022"]
[White "Maung, Maung Kyaw Zaw Hein"]
[Black "Sebenik, Matej"]
[WhiteFideId "13001698"]
[BlackFideId "14602296"]
[WhiteElo "1785"]
[BlackElo "2461"]
[Result "0-1"]
[Round "05"]
[TimeControl "180+1"]
[Date "2022.09.27"]
[WhiteClock "0:00:07"]
[BlackClock "0:00:41"]

1. Nf3 c5 2. c4 Nc6 3. Nc3 g6 4. g3 Bg7 5. Bg2 e5 6. O-O Nge7 7. d3 d6 8. Bg5 f6 9. Bd2 Be6 10. a3 d5 11. cxd5 Nxd5 12. Rc1 Nde7 13. Na4 b6 14. b4 cxb4 15. axb4 Rc8 16. b5 Nd4 17. Rxc8 Qxc8 18. Nxd4 exd4 19. Qc1 Kf7 20. Qa3 Qd7 21. Qb4 Nd5 22. Bxd5 Qxd5 23. Rc1 Rc8 24. Rxc8 Bxc8 25. Qc4 Be6 26. Qxd5 Bxd5 27. Bf4 Bb3 28. Nb2 Ke6 29. h4 Kd5 30. Kf1 Bf8 31. Bb8 Ba3 32. Nc4 Bxc4 33. dxc4+ Kxc4 34. Bxa7 Kxb5 35. Ke1 Bd6 36. Kd1 Ka6 37. Bxb6 Kxb6 0-1


[Site "https://www.chess.com"]

[Event "Titled Tuesday Blitz September 27 Early 2022"]
[White "Melikhov, Evgeny V."]
[Black "Antonova, Nadezhda"]
[WhiteFideId "4122046"]
[BlackFideId "14700182"]
[WhiteElo "1963"]
[BlackElo "1805"]
[Result "1-0"]
[Round "05"]
[TimeControl "180+1"]
[Date "2022.09.27"]
[WhiteClock "0:00:12"]
[BlackClock "0:00:02"]

1. d4 Nf6 2. c4 g6 3. Nc3 Bg7 4. e4 d6 5. f3 O-O 6. Be3 c5 7. Nge2 Nc6 8. d5 Ne5 9. Ng3 e6 10. Bg5 h6 11. Be3 exd5 12. cxd5 a6 13. a4 Bd7 14. Be2 b5 15. O-O b4 16. Nb1 h5 17. Nd2 h4 18. Nh1 Nh7 19. Rc1 f5 20. b3 f4 21. Bf2 h3 22. g3 g5 23. g4 Nf6 24. Be1 Kh8 25. Nf2 Kg8 26. Nc4 Nxc4 27. Bxc4 Kf7 28. Nd3 Nh7 29. Bf2 Qe7 30. Re1 Be5 31. Nxe5+ Qxe5 32. Rc2 Nf6 33. Qa1 Rfe8 34. Qxe5 Rxe5 35. Ree2 a5 36. Be1 Bc8 37. Bd2 Ba6 38. Bc1 Re7 39. Bb2 Nd7 40. e5 Nxe5 41. Bxe5 Rxe5 42. Rxe5 dxe5 43. Bxa6 Rxa6 44. Rxc5 Ke7 45. Kf2 Kd6 46. Rb5 Ra8 47. Ke2 Rc8 48. Rxa5 Rc2+ 49. Kd3 Rc3+ 50. Ke4 Re3+ 51. Kf5 Rxf3 52. Rb5 e4 53. Kxe4 Rf2 54. a5 Rxh2 55. Rxb4 Ra2 56. Rb6+ Kc5 57. b4+ Kc4 58. Rh6 Kxb4 59. Rxh3 Kxa5 60. Rd3 Kb6 61. d6 Ra8 62. d7 Rd8 63. Kf5 f3 64. Kxg5 f2 65. Rf3 Rxd7 66. Rxf2 Kc5 67. Re2 Rg7+ 68. Kf5 Kd6 69. g5 Re7 70. Rxe7 Kxe7 71. Kg6 Kf8 72. Kh7 Kf7 73. g6+ Kf6 74. g7 Kf5 75. g8=Q Kf4 76. Qg6 1-0


[Site "https://www.chess.com"]

[Event "Titled Tuesday Blitz September 27 Early 2022"]
[White "Meshkovs, Nikita"]
[Black "Shuvalov, Evgenij"]
[WhiteFideId "11602740"]
[BlackFideId "4187237"]
[WhiteElo "2746"]
[BlackElo "2564"]
[Result "1-0"]
[Round "05"]
[TimeControl "180+1"]
[Date "2022.09.27"]
[WhiteClock "0:00:24"]
[BlackClock "0:00:03"]

1. c4 c6 2. Nf3 d5 3. e3 Nf6 4. Nc3 a6 5. d4 Bf5 6. Qb3 b5 7. cxd5 cxd5 8. a4 b4 9. Qxb4 Nc6 10. Qc5 Bd7 11. Ne5 e6 12. Nxc6 Qc7 13. Ne7 Qb7 14. Qd6 Bxe7 15. Qg3 O-O 16. Bd3 Ne4 17. Qh3 e5 18. Qh5 exd4 19. Nxd5 Bb4+ 20. Kf1 g6 21. Bxe4 gxh5 22. Nf6+ Kg7 23. Nxh5+ Kh6 24. exd4+ Kxh5 25. Bxb7 Rab8 26. Bxa6 Bf5 27. Bf4 Rb6 28. Bb5 Kg6 29. f3 Rc8 30. Rc1 Rxc1+ 31. Bxc1 Rd6 32. Be3 Be6 33. Kf2 Kg7 34. Rc1 Bd5 35. Bf4 Re6 36. Be5+ f6 37. Rc7+ Kg6 38. Bd3+ f5 39. Rg7+ Kh6 40. Bxf5 Rxe5 41. Rxh7+ Kg5 42. dxe5 Kxf5 43. Rh5+ Ke6 44. g4 Bc5+ 45. Kg3 Bb4 46. f4 Be1+ 47. Kh3 Bc4 48. Kg2 Bd5+ 49. Kf1 Bd2 50. Rh6+ Ke7 51. Rf6 Bc4+ 52. Kf2 Bb4 53. h4 Bc5+ 54. Kg3 Bd4 55. h5 Bxb2 56. a5 Bc3 57. a6 Be1+ 58. Kh3 Bd5 59. h6 Bf3 60. h7 Be2 61. h8=Q Bf1+ 62. Kh2 1-0


[Site "https://www.chess.com"]

[Event "Titled Tuesday Blitz September 27 Early 2022"]
[White "Mikhailovsky, Vladimir"]
[Black "Odegov, Artem"]
[WhiteFideId "34105414"]
[BlackFideId "34183644"]
[WhiteElo "2784"]
[BlackElo "2614"]
[Result "1/2-1/2"]
[Round "05"]
[TimeControl "180+1"]
[Date "2022.09.27"]
[WhiteClock "0:00:12"]
[BlackClock "0:00:09"]

1. e4 e6 2. Qe2 c5 3. Nf3 Nc6 4. g3 g6 5. Bg2 Bg7 6. O-O Nge7 7. c3 d5 8. exd5 Nxd5 9. d4 cxd4 10. Nxd4 Nxd4 11. cxd4 O-O 12. Nc3 Bxd4 13. Nxd5 exd5 14. Bh6 Re8 15. Qd2 Qf6 16. Bg5 Qg7 17. Bh6 Qf6 18. Bg5 Qb6 19. Rad1 Bg7 20. Bxd5 Bg4 21. Rc1 Re2 22. Qf4 Be6 23. Bxe6 Qxe6 24. Qf3 h6 25. Be3 Rxb2 26. Rc7 Re8 27. Rd1 Be5 28. Rxb7 Rxb7 29. Qxb7 Qxa2 30. Bxh6 Bg7 31. Bxg7 Kxg7 32. Qd5 Qxd5 33. Rxd5 1/2-1/2


[Site "https://www.chess.com"]

[Event "Titled Tuesday Blitz September 27 Early 2022"]
[White "Milosevic, Milos"]
[Black "Torres Boch, Jose Francisco"]
[WhiteFideId "964875"]
[BlackFideId "2278383"]
[WhiteElo "2321"]
[BlackElo "2088"]
[Result "0-1"]
[Round "05"]
[TimeControl "180+1"]
[Date "2022.09.27"]
[WhiteClock "0:01:02"]
[BlackClock "0:01:18"]

1. e4 e5 2. Nf3 Nc6 3. Bb5 a6 4. Ba4 Nf6 5. d3 d6 6. O-O g6 7. c3 Bg7 8. Nbd2 O-O 9. Re1 b5 10. Bc2 Re8 11. d4 exd4 12. cxd4 Nb4 13. Bb1 c5 14. a3 Nc6 15. d5 Na5 16. Ra2 c4 17. b4 cxb3 18. Nxb3 Nc4 19. Nbd4 Bg4 20. Qb3 Bxf3 21. Nxf3 Nd7 22. Be3 Nxe3 23. Rxe3 Nc5 24. Qd1 Qa5 25. Qe1 Qxe1+ 26. Rxe1 Rac8 27. Rc2 Na4 28. Rxc8 Rxc8 29. e5 dxe5 30. Nxe5 Bxe5 0-1


[Site "https://www.chess.com"]

[Event "Titled Tuesday Blitz September 27 Early 2022"]
[White "Mirzoev, Azer"]
[Black "Pakleza, Zbigniew"]
[WhiteFideId "13400304"]
[BlackFideId "1119290"]
[WhiteElo "2673"]
[BlackElo "2827"]
[Result "0-1"]
[Round "05"]
[TimeControl "180+1"]
[Date "2022.09.27"]
[WhiteClock "0:00:01"]
[BlackClock "0:00:05"]

1. c4 c6 2. e3 d5 3. d4 Nf6 4. Nf3 Bf5 5. cxd5 cxd5 6. Qb3 Qb6 7. Qxb6 axb6 8. Nc3 e6 9. Bd2 Nc6 10. Rc1 Bd6 11. a3 Ke7 12. Nh4 Bg6 13. Bb5 Rhc8 14. Nxg6+ hxg6 15. Ke2 Na7 16. Bd3 Nc6 17. Nb5 Ne4 18. Nxd6 Nxd6 19. h4 b5 20. Rc5 b6 21. Rc2 Nc4 22. Rhc1 Kd7 23. Be1 N6a5 24. Rb1 Nc6 25. g3 Nd6 26. Bc3 Nc4 27. Rcc1 Rc7 28. Be1 Rac8 29. Rc3 b4 30. axb4 Nxb4 31. Rb3 Nxd3 32. Kxd3 Ra8 33. Bc3 Ra2 34. Rb4 Kc6 35. Rd1 Nd6 36. Rc1 Kb7 37. Bd2 Rxc1 38. Bxc1 Ne4 39. Ke2 Ra1 40. Bd2 Kc6 41. Be1 Rc1 42. Rb3 Ra1 43. f3 Nd6 44. g4 Ra2 45. Rc3+ Kb7 46. Rc2 Nc4 47. Bc3 b5 48. e4 Kb6 49. exd5 exd5 50. Kd3 Ra8 51. h5 gxh5 52. gxh5 Rh8 53. Rg2 Rxh5 54. Rxg7 Rf5 55. Ke2 Nd6 56. Bd2 Nc4 57. Rg4 Nxb2 58. Bf4 Nc4 59. Bg3 b4 60. Rg8 Kb5 61. Rb8+ Ka4 62. Be1 b3 63. Ra8+ Kb5 64. Rb8+ Nb6 65. Bc3 Rf6 66. Bb2 Rc6 67. Kd3 Rc2 68. Ba3 Rc6 69. Bc5 Ka6 70. Bxb6 Rxb6 71. Ra8+ Kb7 72. Ra1 b2 73. Rb1 Kc6 74. Kc3 f6 75. Rxb2 Rxb2 76. Kxb2 Kb6 77. Kc2 Ka6 78. Kc3 Ka5 79. f4 Kb5 80. Kb3 f5 81. Kc3 Ka4 82. Kc2 Kb4 83. Kd3 Kb3 84. Kd2 Kc4 85. Ke3 Kc3 0-1


[Site "https://www.chess.com"]

[Event "Titled Tuesday Blitz September 27 Early 2022"]
[White "Miszler, Levente"]
[Black "Zanette, Edgard Vinicius"]
[WhiteFideId "763276"]
[BlackFideId "2109263"]
[WhiteElo "1966"]
[BlackElo "2182"]
[Result "1-0"]
[Round "05"]
[TimeControl "180+1"]
[Date "2022.09.27"]
[WhiteClock "0:00:34"]
[BlackClock "0:00:08"]

1. Nf3 Nf6 2. c4 e6 3. g3 d5 4. Bg2 Be7 5. O-O O-O 6. d4 a6 7. Qc2 dxc4 8. a4 c5 9. Qxc4 cxd4 10. Nxd4 Nbd7 11. a5 Ne5 12. Qa4 Bd7 13. Qd1 Qc7 14. Nc3 Rfd8 15. Bf4 Nh5 16. Bxe5 Qxe5 17. Nf3 Qc7 18. Qb3 Bc6 19. Rac1 Qb8 20. Rfd1 Nf6 21. Na4 Rxd1+ 22. Rxd1 Qc7 23. Nb6 Rd8 24. Rc1 Qd6 25. Nc4 Qb4 26. Qxb4 Bxb4 27. Nfe5 Bxg2 28. Kxg2 h6 29. f3 Rd5 30. e4 Rc5 31. Nd3 Rb5 32. Rc2 Bxa5 33. Nd6 Rb6 34. Rc8+ Kh7 35. Nxf7 Kg6 36. Nde5+ Kh5 37. g4+ Kh4 38. Ng6# 1-0


[Site "https://www.chess.com"]

[Event "Titled Tuesday Blitz September 27 Early 2022"]
[White "Mladek, Richard"]
[Black "Wirig, Anthony"]
[WhiteFideId "386588"]
[BlackFideId "615013"]
[WhiteElo "2688"]
[BlackElo "2904"]
[Result "0-1"]
[Round "05"]
[TimeControl "180+1"]
[Date "2022.09.27"]
[WhiteClock "0:00:04"]
[BlackClock "0:00:27"]

1. e4 c5 2. Nf3 e6 3. d4 cxd4 4. Nxd4 Nf6 5. Nc3 Nc6 6. Nxc6 bxc6 7. e5 Nd5 8. Ne4 Qc7 9. f4 Qb6 10. c4 Bb4+ 11. Ke2 f5 12. Nf2 Qa6 13. Kf3 Nc7 14. Be3 Be7 15. h4 c5 16. Kg3 Bb7 17. Be2 O-O-O 18. Bf3 d6 19. exd6 Bxd6 20. Qb3 e5 21. Qxb7+ Qxb7 22. Bxb7+ Kxb7 23. Nd3 e4 24. Nxc5+ Bxc5 25. Bxc5 Rd3+ 26. Kh2 Ne6 27. Ba3 Rhd8 28. Rac1 Rd2 29. Rhf1 R8d3 30. h5 Kc6 31. Kg1 Nd4 32. Kh2 Nf3+ 33. Kh1 Nd4 34. Kh2 a6 35. Bb4 Rxb2 36. Bc3 Rxa2 37. Bxd4 Rxd4 38. Rb1 Rdd2 39. Rb8 Rxg2+ 40. Kh3 Rh2+ 0-1


[Site "https://www.chess.com"]

[Event "Titled Tuesday Blitz September 27 Early 2022"]
[White "Moaataz, Ayah"]
[Black "Mitrovic, Darko R"]
[WhiteFideId "10615873"]
[BlackFideId "927023"]
[WhiteElo "1993"]
[BlackElo "2150"]
[Result "1-0"]
[Round "05"]
[TimeControl "180+1"]
[Date "2022.09.27"]
[WhiteClock "0:01:07"]
[BlackClock "0:00:01"]

1. c4 e5 2. g3 Nf6 3. Bg2 d5 4. cxd5 Nxd5 5. Nc3 Nb6 6. Nf3 Bd6 7. d4 exd4 8. Nxd4 O-O 9. O-O c6 10. Qb3 Bxg3 11. hxg3 Qxd4 12. Be3 Qf6 13. Ne4 Qe6 14. Bxb6 axb6 15. Qxb6 Nd7 16. Qc7 Qe5 17. Qxe5 Nxe5 18. Nd6 Rb8 19. b3 Be6 20. Rfd1 g6 21. Rd4 Rfd8 22. Rad1 Rd7 23. Ne4 Rbd8 24. Nf6+ Kg7 25. Nxd7 Rxd7 26. Rxd7 Nxd7 27. Rd4 Kf8 28. Rb4 Nc5 29. Kf1 Ke7 30. Ke1 h5 31. Rd4 Nd7 32. Kd2 c5 33. Re4 b5 34. Re3 Nb6 35. Bc6 b4 36. Be4 c4 37. Kc2 Kd6 38. Bf3 Kc5 39. Re5+ Kd6 40. Ra5 cxb3+ 41. axb3 Nd7 42. Rb5 Nc5 43. Rxb4 1-0


[Site "https://www.chess.com"]

[Event "Titled Tuesday Blitz September 27 Early 2022"]
[White "Moksh Amit Doshi"]
[Black "Stremavicius, Titas"]
[WhiteFideId "25064967"]
[BlackFideId "12804444"]
[WhiteElo "2679"]
[BlackElo "2851"]
[Result "1-0"]
[Round "05"]
[TimeControl "180+1"]
[Date "2022.09.27"]
[WhiteClock "0:00:13"]
[BlackClock "0:00:03"]

1. d4 f5 2. Nf3 Nf6 3. g3 e6 4. Bg2 d5 5. O-O Be7 6. c4 Ne4 7. Nc3 c6 8. Qc2 O-O 9. Rb1 Nd7 10. b4 Nb6 11. Ne5 Bf6 12. c5 Bxe5 13. dxe5 Nxc3 14. Qxc3 Nc4 15. e4 fxe4 16. Bxe4 dxe4 17. Qxc4 Qd5 18. Qc3 a5 19. a3 axb4 20. Rxb4 Bd7 21. Bf4 Be8 22. Rxb7 Bh5 23. Be3 Rfd8 24. Rb4 Bf3 25. Rd4 Qa2 26. Ra1 Rxd4 27. Qxd4 Qb3 28. a4 h6 29. h4 Kh7 30. a5 Rxa5 31. Re1 Ra6 32. Qd7 Qc4 33. Qf7 1-0


[Site "https://www.chess.com"]

[Event "Titled Tuesday Blitz September 27 Early 2022"]
[White "Mouhamad, Joachim"]
[Black "Hristodoulou, Panagiotis"]
[WhiteFideId "656410"]
[BlackFideId "4214340"]
[WhiteElo "2147"]
[BlackElo "2172"]
[Result "0-1"]
[Round "05"]
[TimeControl "180+1"]
[Date "2022.09.27"]
[WhiteClock "0:00:33"]
[BlackClock "0:00:42"]

1. e4 e5 2. Nf3 Nc6 3. Bc4 Nf6 4. d4 exd4 5. e5 d5 6. Bb5 Nd7 7. O-O Be7 8. Re1 O-O 9. a3 Re8 10. Nbd2 Bf8 11. Nb3 Ndxe5 12. Nxe5 Rxe5 13. Bxc6 Rxe1+ 14. Qxe1 bxc6 15. Nxd4 c5 16. Ne2 Bf5 17. c3 Qd7 18. Be3 Qb5 19. Qd2 c6 20. Ng3 Bg6 21. h4 h5 22. Re1 Rb8 23. b4 d4 24. cxd4 cxb4 25. Ne2 bxa3 26. Qa2 Bb1 27. Qa1 a2 28. Bd2 Qb2 29. Bc3 Qxa1 30. Bxa1 Re8 31. f3 Bb4 0-1


[Site "https://www.chess.com"]

[Event "Titled Tuesday Blitz September 27 Early 2022"]
[White "Murtazin, Ruslan"]
[Black "Skliarov, Viktor"]
[WhiteFideId "24175960"]
[BlackFideId "14106736"]
[WhiteElo "2212"]
[BlackElo "2213"]
[Result "1/2-1/2"]
[Round "05"]
[TimeControl "180+1"]
[Date "2022.09.27"]
[WhiteClock "0:00:06"]
[BlackClock "0:00:24"]

1. e4 c5 2. Nf3 Nc6 3. d4 cxd4 4. Nxd4 Nf6 5. Nc3 e5 6. Ndb5 d6 7. a4 a6 8. Na3 Bg4 9. Be2 Bxe2 10. Qxe2 Nd4 11. Qd3 Rc8 12. O-O Be7 13. Be3 Ne6 14. Nc4 Nc5 15. Bxc5 Rxc5 16. Ne3 O-O 17. Ned5 Nxd5 18. Nxd5 Bg5 19. c3 g6 20. Rad1 f5 21. f4 fxe4 22. Qxe4 exf4 23. Nxf4 Re5 24. Qc4+ Kh8 25. Ne6 Qb6+ 26. Kh1 Re8 27. Nxg5 Rxg5 28. Qf7 Rge5 29. Qf6+ Kg8 30. Rxd6 Qxb2 31. Rd8 Qe2 32. Qf7+ Kh8 33. Qf6+ Kg8 34. Qf7+ Kh8 35. Qf6+ Kg8 1/2-1/2


[Site "https://www.chess.com"]

[Event "Titled Tuesday Blitz September 27 Early 2022"]
[White "Nakamura, Hikaru"]
[Black "Abdisalimov, Abdimalik"]
[WhiteFideId "2016192"]
[BlackFideId "14206323"]
[WhiteElo "2850"]
[BlackElo "2401"]
[Result "1-0"]
[Round "05"]
[TimeControl "180+1"]
[Date "2022.09.27"]
[WhiteClock "0:00:12"]
[BlackClock "0:00:06"]

1. Nf3 c5 2. e4 d6 3. c3 Nf6 4. h3 g6 5. Bd3 Bg7 6. Bc2 e5 7. O-O O-O 8. a3 b6 9. b4 Bb7 10. Re1 c4 11. d3 cxd3 12. Bxd3 Nc6 13. c4 a5 14. b5 Nb8 15. Nc3 Nbd7 16. Na4 Qc7 17. Nh2 Nh5 18. g3 Nc5 19. Nxc5 dxc5 20. Bb2 Rad8 21. Qe2 Rfe8 22. Rad1 Nf6 23. Nf1 Qb8 24. f3 Bc8 25. Kh2 Nd7 26. Ne3 Nf8 27. Nd5 Ne6 28. Qf2 Nd4 29. Bf1 Be6 30. a4 Kh8 31. h4 f5 32. exf5 Bxd5 33. cxd5 gxf5 34. Bxd4 cxd4 35. Bd3 Rf8 36. Qe2 Rde8 37. Qc2 e4 38. fxe4 f4 39. Rf1 fxg3+ 40. Kg2 Be5 41. Qe2 Rf2+ 42. Rxf2 gxf2 43. Qxf2 Rg8+ 44. Kh1 Qc8 45. Qf5 Qc7 46. Rg1 Rxg1+ 47. Kxg1 Qd6 48. h5 Kg7 49. Kg2 h6 50. Kf3 Qf6 51. Kg4 Qd6 52. Bc4 Qf6 53. Qd7+ Kf8 54. Qc8+ Kg7 55. Qd7+ Kf8 56. Qf5 Ke7 57. Bd3 Kd6 58. Qxf6+ Bxf6 59. Kf5 Bg5 60. Kg6 Ke5 61. Kf7 Kd6 62. Kg7 Ke5 63. Kg6 Kd6 64. Kf5 Be7 65. Bf1 Bg5 66. Bg2 d3 67. e5+ Kd7 68. Bh3 d2 69. Ke4+ Ke7 70. Bg4 Bh4 71. d6+ Kf7 72. Kd5 Bg3 73. e6+ Kf6 74. e7 Kf7 75. Kc6 1-0


[Site "https://www.chess.com"]

[Event "Titled Tuesday Blitz September 27 Early 2022"]
[White "Namitbir Singh Walia"]
[Black "White, John S."]
[WhiteFideId "35071068"]
[BlackFideId "2502348"]
[WhiteElo "1664"]
[BlackElo "1897"]
[Result "1-0"]
[Round "05"]
[TimeControl "180+1"]
[Date "2022.09.27"]
[WhiteClock "0:00:19"]
[BlackClock "0:00:10"]

1. e4 e6 2. d3 d5 3. Nd2 c5 4. g3 Nc6 5. Bg2 Nf6 6. Ngf3 dxe4 7. dxe4 Be7 8. O-O O-O 9. c3 h6 10. Qc2 b6 11. e5 Nd5 12. Ne4 Qc7 13. Bf4 Nxf4 14. gxf4 Rd8 15. Rfd1 Bb7 16. Ng3 b5 17. Qe2 b4 18. f5 Rd5 19. c4 Rxd1+ 20. Rxd1 Rd8 21. fxe6 Rxd1+ 22. Qxd1 fxe6 23. Qe2 a5 24. b3 Ba6 25. Qe4 a4 26. Qg4 Qd7 27. Nh5 Bd8 28. Bh3 Bc8 29. Qe4 Bb7 30. Qg6 Bc8 31. Nf4 Qf7 32. Bxe6 Bxe6 33. Qxe6 Qxe6 34. Nxe6 Bb6 35. h4 axb3 36. axb3 Kf7 37. Nf4 g6 38. e6+ Kf6 39. Nd5+ Kxe6 40. Nxb6 Nd4 41. Nxd4+ cxd4 42. Kf1 Ke5 43. Ke2 Ke4 44. Nd5 d3+ 45. Kd2 Kd4 46. Ne3 g5 47. hxg5 hxg5 48. f3 Ke5 49. Kxd3 g4 50. fxg4 Kd6 51. Kd4 Ke6 52. Nd5 Kd6 53. Nxb4 1-0


[Site "https://www.chess.com"]

[Event "Titled Tuesday Blitz September 27 Early 2022"]
[White "Narayanan.S.L"]
[Black "Milikow, Yoav"]
[WhiteFideId "5058422"]
[BlackFideId "2822237"]
[WhiteElo "2504"]
[BlackElo "2341"]
[Result "0-1"]
[Round "05"]
[TimeControl "180+1"]
[Date "2022.09.27"]
[WhiteClock "0:00:48"]
[BlackClock "0:00:21"]

1. e4 e5 2. Nf3 Nc6 3. Bb5 Nf6 4. d3 Bc5 5. Bg5 h6 6. Bh4 g5 7. Bg3 d6 8. c3 a6 9. Ba4 b5 10. Bc2 Bb6 11. Nbd2 Qe7 12. Nf1 d5 13. a4 b4 14. a5 Ba7 15. Ba4 Bd7 16. Bxc6 Bxc6 17. Nxe5 Bb5 18. Ne3 O-O-O 19. d4 Nxe4 20. Qf3 bxc3 21. bxc3 f6 22. Nxd5 Rxd5 23. Qxe4 c6 24. f4 gxf4 25. Bxf4 fxe5 26. Bxe5 Re8 27. Rb1 Qg5 28. h4 Rdxe5 29. dxe5 Qg3+ 30. Kd2 Rxe5 31. Qf3 Re2+ 32. Qxe2 Bxe2 33. Kxe2 Qe3+ 34. Kd1 Qd3+ 35. Kc1 Qxc3+ 36. Kd1 Qd3+ 37. Kc1 Be3+ 38. Kb2 Bd4+ 39. Ka2 Qc2+ 40. Ka3 Bc5+ 0-1


[Site "https://www.chess.com"]

[Event "Titled Tuesday Blitz September 27 Early 2022"]
[White "Navarrete Mendez, Gonzalo Alberto"]
[Black "Bharath Subramaniyam H"]
[WhiteFideId "5106850"]
[BlackFideId "46634827"]
[WhiteElo "2627"]
[BlackElo "2804"]
[Result "0-1"]
[Round "05"]
[TimeControl "180+1"]
[Date "2022.09.27"]
[WhiteClock "0:00:05"]
[BlackClock "0:00:16"]

1. e4 c5 2. Nf3 e6 3. Nc3 a6 4. d4 cxd4 5. Nxd4 Qc7 6. Bd3 Nf6 7. Qe2 d6 8. Bg5 Be7 9. O-O-O Nbd7 10. f4 b5 11. Rhe1 b4 12. Nd5 Nxd5 13. exd5 Bxg5 14. fxg5 e5 15. Nf5 g6 16. Nh6 Nc5 17. Qf3 Bb7 18. Qf6 Rf8 19. Bc4 Nd7 20. Qf1 Rc8 21. Bb3 Nc5 22. Kb1 Nxb3 23. cxb3 Qd7 24. Qf3 Rc5 25. Ng4 Qf5+ 26. Qxf5 gxf5 27. Nf6+ Ke7 28. h4 h6 29. a3 bxa3 30. bxa3 Rc3 31. Kb2 Rg3 32. Rc1 Rxg2+ 33. Ka1 hxg5 34. hxg5 Rc8 35. Rxc8 Bxc8 36. Rc1 Rxg5 37. Nh7 Rg8 38. Rc7+ Kd8 39. Rxf7 f4 40. Nf6 Rg1+ 41. Kb2 Rg2+ 42. Kc3 Re2 43. Kd3 Re3+ 44. Kc2 e4 45. Nh7 f3 46. Kd2 Re2+ 47. Kd1 Rg2 48. Ng5 Rxg5 49. Rf8+ Kc7 50. Rf7+ Kb6 51. Rg7 Rxg7 0-1


[Site "https://www.chess.com"]

[Event "Titled Tuesday Blitz September 27 Early 2022"]
[White "Nazari, Arad"]
[Black "Kosakowski, Jakub"]
[WhiteFideId "12577324"]
[BlackFideId "1185080"]
[WhiteElo "2681"]
[BlackElo "2853"]
[Result "1-0"]
[Round "05"]
[TimeControl "180+1"]
[Date "2022.09.27"]
[WhiteClock "0:00:37"]
[BlackClock "0:00:04"]

1. e4 c5 2. Nf3 d6 3. Bb5+ Bd7 4. Bxd7+ Nxd7 5. O-O Ngf6 6. Qe2 e6 7. c3 Be7 8. d4 O-O 9. Rd1 Qc7 10. h3 Rfc8 11. Bf4 cxd4 12. cxd4 Qc2 13. Nbd2 Qxb2 14. Rab1 Qxa2 15. Rxb7 Qa4 16. Bg5 Bf8 17. Rdb1 a5 18. Bxf6 Nxf6 19. Ng5 Qc2 20. Rxf7 h6 21. Rxf6 gxf6 22. Nxe6 Ra7 23. Qg4+ Kh8 24. Qf4 a4 25. Qxf6+ Bg7 26. Nxg7 Rxg7 27. Rb7 Rc7 28. Qxh6+ Kg8 29. Rb8+ Kf7 30. Qf4+ Kg6 31. Qf5+ Kh6 32. Rh8+ Rh7 33. Qf6+ Kh5 34. g4# 1-0


[Site "https://www.chess.com"]

[Event "Titled Tuesday Blitz September 27 Early 2022"]
[White "Nguyen, Thien Ngan"]
[Black "Ezat, Mohamed"]
[WhiteFideId "12414816"]
[BlackFideId "10600906"]
[WhiteElo "1873"]
[BlackElo "2386"]
[Result "0-1"]
[Round "05"]
[TimeControl "180+1"]
[Date "2022.09.27"]
[WhiteClock "0:02:05"]
[BlackClock "0:02:02"]

1. e4 c5 2. Nf3 Nc6 3. d4 cxd4 4. Nxd4 Nf6 5. Nc3 e5 6. Ndb5 d6 7. Bg5 a6 8. Na3 b5 9. Nd5 Be7 10. Bxf6 Bxf6 11. c3 Bg5 12. Nc2 O-O 13. a4 Rb8 14. axb5 axb5 15. Bd3 Be6 16. h4 Bh6 17. Be2 Kh8 18. g3 f5 19. exf5 Bxf5 20. O-O Be4 21. Nce3 b4 22. Ra6 bxc3 23. bxc3 Rb1 24. Qd2 Rxf1+ 25. Bxf1 Qc8 26. Bg2 Bxg2 27. Kxg2 Qxa6 0-1


[Site "https://www.chess.com"]

[Event "Titled Tuesday Blitz September 27 Early 2022"]
[White "Oparin, Grigoriy"]
[Black "Bilych, Olexiy"]
[WhiteFideId "24125890"]
[BlackFideId "14156504"]
[WhiteElo "2639"]
[BlackElo "2157"]
[Result "1-0"]
[Round "05"]
[TimeControl "180+1"]
[Date "2022.09.27"]
[WhiteClock "0:01:21"]
[BlackClock "0:00:01"]

1. d4 Nf6 2. c4 e6 3. Nf3 d5 4. g3 Bb4+ 5. Bd2 a5 6. Bg2 dxc4 7. Qc2 Bxd2+ 8. Qxd2 O-O 9. Na3 Ne4 10. Qc2 Nd6 11. Nxc4 Nxc4 12. Qxc4 Nc6 13. O-O Ne7 14. Ne5 c6 15. Rfd1 a4 16. Rac1 Ra5 17. e3 Qb6 18. Qc2 Ra8 19. h4 Nd5 20. a3 g6 21. h5 Kg7 22. e4 Nf6 23. g4 Rd8 24. Qd2 Qc7 25. h6+ Kf8 26. Qf4 Qe7 27. g5 Nd7 28. Ng4 Ra5 29. e5 Kg8 30. Rc3 Rb5 31. Rd2 Nf8 32. Bf1 Rbd5 33. Nf6+ Kh8 34. Nxd5 exd5 35. Qf6+ Qxf6 36. gxf6 Ne6 37. f3 Nf4 38. Kf2 Be6 39. b3 axb3 40. Rxb3 b5 41. Rc2 Bd7 42. Rbc3 Ne6 43. Ke3 Ra8 44. Bd3 Kg8 45. Rb2 Kf8 46. f4 Ke8 47. f5 1-0


[Site "https://www.chess.com"]

[Event "Titled Tuesday Blitz September 27 Early 2022"]
[White "Ovchinnikov, Vsevolod"]
[Black "Riehle, Marco"]
[WhiteFideId "24176842"]
[BlackFideId "12904392"]
[WhiteElo "2376"]
[BlackElo "2462"]
[Result "0-1"]
[Round "05"]
[TimeControl "180+1"]
[Date "2022.09.27"]
[WhiteClock "0:00:02"]
[BlackClock "0:00:33"]

1. Nf3 d5 2. c4 e6 3. g3 Nf6 4. Bg2 c5 5. cxd5 Nxd5 6. O-O Be7 7. d4 O-O 8. dxc5 Bxc5 9. a3 a5 10. Bg5 Qb6 11. Qc2 h6 12. Bd2 Nc6 13. Nc3 Nxc3 14. Bxc3 Bd7 15. e3 Rac8 16. Rfd1 Rfd8 17. Qe4 Bf8 18. Rd2 Be8 19. Rad1 Rxd2 20. Rxd2 Rd8 21. Bf1 Rxd2 22. Nxd2 Ne7 23. Nc4 Qc5 24. Bd4 Qh5 25. g4 Qg5 26. h3 Bc6 27. Qe5 Qg6 28. Nxa5 Bd5 29. Nc4 Qb1 30. Nd2 Qd1 31. Bc3 Ng6 32. Qd4 Nh4 33. e4 Bc6 34. Kh2 e5 35. Qe3 Be7 36. Qe2 Qc1 37. Bxe5 Qxd2 38. Qxd2 Nf3+ 39. Kg3 Nxd2 40. Bd3 Nxe4+ 41. Bxe4 Bxe4 42. h4 f6 43. Bd4 Bd6+ 44. Kh3 Kf7 45. Be3 g5 46. hxg5 hxg5 47. Bd4 Ke6 48. Bb6 Be5 49. b4 Bc6 50. Be3 Bd5 51. b5 Bc4 52. b6 Bf1# 0-1


[Site "https://www.chess.com"]